| TOP OF THE 1ST |
|
Springfield Cardinals batting - Pitching for Mississippi Braves : RHP Jeff Olech
|
|
Pitching: RHP Jeff Olech
|
|
|
Batting: RHB Mark Cahill
|
0-0: Ball 1-0: Called Strike 1-1: Foul Ball, location: 2F 1-2: Ground out 6-3 (Groundball, 56D, EV 98.8 MPH)
|
|
Batting: RHB Fortunato Fteira
|
0-0: Foul Ball, location: 2F 0-1: Ball 1-1: Called Strike 1-2: Ball 2-2: Strikes out swinging
|
|
Batting: LHB Shawn Morrison
|
0-0: Called Strike 0-1: Swinging Strike 0-2: Ball 1-2: Ball 2-2: Ground out 1-3 (Groundball, 34S, EV 64.4 MPH)
|
| Top of the 1st over - 0 runs, 0 hits, 0 errors, 0 left on base; Springfield 0 - Mississippi 0 |
| BOTTOM OF THE 1ST |
|
Mississippi Braves batting - Pitching for Springfield Cardinals : RHP Casey Cogdill
|
|
Pitching: RHP Casey Cogdill
|
|
|
Batting: RHB Edgar Castillo
|
0-0: Called Strike 0-1: Ball 1-1: Fly out, F8 (Line Drive, 8RM, EV 91.2 MPH)
|
|
Batting: RHB Hieronim Rutkowski
|
0-0: Ball 1-0: Ground out U3 (Groundball, 3L, EV 101.9 MPH)
|
|
Batting: RHB Luis Revilla
|
0-0: Called Strike 0-1: Called Strike 0-2: Ball 1-2: Foul Ball, location: 2F 1-2: Ball 2-2: Ball 3-2: Strikes out looking
|
| Bottom of the 1st over - 0 runs, 0 hits, 0 errors, 0 left on base; Springfield 0 - Mississippi 0 |
| TOP OF THE 2ND |
|
Springfield Cardinals batting - Pitching for Mississippi Braves : RHP Jeff Olech
|
|
Batting: LHB Ichiro Toyota
|
0-0: Called Strike 0-1: Ball 1-1: Foul Ball, location: 2F 1-2: Ball 2-2: SINGLE (Line Drive, 9S, EV 108.1 MPH)
|
|
Batting: RHB Victor Moya
|
0-0: Ball 1-0: Foul Ball, location: 2F 1-1: Ball Ichiro Toyota steals 2nd base (no throw) 2-1: Ball 3-1: Foul Ball, location: 2F 3-2: Foul Ball, location: 2F 3-2: Strikes out swinging
|
|
Batting: RHB Justin Reich
|
0-0: Called Strike Ichiro Toyota steals 3rd base 0-1: Ball 1-1: Called Strike 1-2: Foul Ball, location: 2F 1-2: Ball 2-2: Foul Ball, location: 2F 2-2: Fly out, F9 (Flyball, 89S, EV 88.8 MPH)
|
|
Batting: SHB Jason Kirby
|
0-0: Ball 1-0: Ball 2-0: Foul Ball, location: 2F 2-1: Swinging Strike 2-2: Fly out, F7 (Line Drive, 7, EV 85.6 MPH)
|
| Top of the 2nd over - 0 runs, 1 hit, 0 errors, 1 left on base; Springfield 0 - Mississippi 0 |
| BOTTOM OF THE 2ND |
|
Mississippi Braves batting - Pitching for Springfield Cardinals : RHP Casey Cogdill
|
|
Batting: SHB Bob Morales
|
0-0: Ball 1-0: Ball 2-0: Ball 3-0: Base on Balls
|
|
Batting: LHB Oke Monti
|
0-0: Ball 1-0: Called Strike 1-1: Foul Ball, location: 2F 1-2: Foul Ball, location: 2F 1-2: SINGLE (Line Drive, 7S, EV 90.6 MPH) Bob Morales to second
|
|
Batting: LHB Luis Cruz
|
0-0: Ball 1-0: Called Strike 1-1: Fly out, F7 (Flyball, 78M, EV 91.9 MPH)
|
|
Batting: RHB Mike Meeker
|
0-0: Ball 1-0: Called Strike 1-1: Swinging Strike 1-2: Strikes out swinging
|
|
Batting: LHB Mike Tenorio
|
0-0: Ball 1-0: Foul Ball, location: 2F 1-1: Ball 2-1: Fly out, F8 (Flyball, 8RM, EV 81.9 MPH)
|
| Bottom of the 2nd over - 0 runs, 1 hit, 0 errors, 2 left on base; Springfield 0 - Mississippi 0 |
| TOP OF THE 3RD |
|
Springfield Cardinals batting - Pitching for Mississippi Braves : RHP Jeff Olech
|
|
Batting: RHB Immel Kamuzu
|
0-0: Ball 1-0: Foul Ball, location: 2F 1-1: Ball 2-1: Ball 3-1: Foul Ball, location: 2F 3-2: Ground out 5-3 (Groundball, 56S, EV 65.6 MPH)
|
|
Batting: LHB Yeong-hun Joe
|
0-0: Ball 1-0: Foul Ball, location: 2F 1-1: Swinging Strike 1-2: Strikes out swinging
|
|
Batting: RHB Mark Cahill
|
0-0: Swinging Strike 0-1: Ball 1-1: Foul Ball, location: 2F 1-2: Ball 2-2: Ball 3-2: Foul Ball, location: 2F 3-2: Foul Ball, location: 2F 3-2: Fly out, F8 (Flyball, 8RM, EV 89.4 MPH)
|
| Top of the 3rd over - 0 runs, 0 hits, 0 errors, 0 left on base; Springfield 0 - Mississippi 0 |
| BOTTOM OF THE 3RD |
|
Mississippi Braves batting - Pitching for Springfield Cardinals : RHP Casey Cogdill
|
|
Batting: RHB Alex Velasquez
|
0-0: Ball 1-0: Called Strike 1-1: Called Strike 1-2: Ball 2-2: Ball 3-2: Strikes out looking
|
|
Batting: RHB Edgar Castillo
|
0-0: Ball 1-0: Foul Ball, location: 2F 1-1: Ball 2-1: Ground out 4-3 (Groundball, 4S, EV 87.5 MPH)
|
|
Batting: RHB Hieronim Rutkowski
|
0-0: Ball 1-0: Foul Ball, location: 2F 1-1: Ball 2-1: Ball 3-1: Fly out, F8 (Flyball, 8LM, EV 95.0 MPH)
|
| Bottom of the 3rd over - 0 runs, 0 hits, 0 errors, 0 left on base; Springfield 0 - Mississippi 0 |
| TOP OF THE 4TH |
|
Springfield Cardinals batting - Pitching for Mississippi Braves : RHP Jeff Olech
|
|
Batting: RHB Fortunato Fteira
|
0-0: Ball 1-0: Called Strike 1-1: Ground out 6-3 (Groundball, 6S, EV 82.5 MPH)
|
|
Batting: LHB Shawn Morrison
|
0-0: Foul Ball, location: 2F 0-1: Ground out 1-3 (Groundball, 13, EV 66.9 MPH)
|
|
Batting: LHB Ichiro Toyota
|
0-0: SINGLE (Line Drive, 8RS, EV 91.9 MPH)
|
|
Batting: RHB Victor Moya
|
0-0: Ball Ichiro Toyota steals 2nd, throwing error, E2 Ichiro Toyota to third 1-0: Called Strike 1-1: Fly out, F9 (Flyball, 9S, EV 86.2 MPH)
|
| Top of the 4th over - 0 runs, 1 hit, 1 error, 1 left on base; Springfield 0 - Mississippi 0 |
| BOTTOM OF THE 4TH |
|
Mississippi Braves batting - Pitching for Springfield Cardinals : RHP Casey Cogdill
|
|
Batting: RHB Luis Revilla
|
0-0: Swinging Strike 0-1: Foul Ball, location: 2F 0-2: Strikes out swinging
|
|
Batting: SHB Bob Morales
|
0-0: Ball 1-0: Called Strike 1-1: Foul Ball, location: 2F 1-2: Ball 2-2: Ball 3-2: Ground out 6-3 (Groundball, 56, EV 76.9 MPH)
|
|
Batting: LHB Oke Monti
|
0-0: Ball 1-0: Swinging Strike 1-1: Ball 2-1: Called Strike 2-2: Foul Ball, location: 2F 2-2: Foul Ball, location: 2F 2-2: Foul Ball, location: 2F 2-2: Ball 3-2: Base on Balls
|
|
Batting: LHB Luis Cruz
|
0-0: Called Strike 0-1: Ball 1-1: Called Strike 1-2: Ball 2-2: Ball 3-2: SINGLE (Flyball, 5D, EV 88.8 MPH) Oke Monti to second Oke Monti to third
|
|
Batting: RHB Mike Meeker
|
0-0: Ball 1-0: Ball 2-0: Fly out, F7 (Flyball, 78M, EV 80.6 MPH)
|
| Bottom of the 4th over - 0 runs, 1 hit, 0 errors, 2 left on base; Springfield 0 - Mississippi 0 |
| TOP OF THE 5TH |
|
Springfield Cardinals batting - Pitching for Mississippi Braves : RHP Jeff Olech
|
|
Batting: RHB Justin Reich
|
0-0: Ground out 6-3 (Groundball, 6, EV 108.8 MPH)
|
|
Batting: SHB Jason Kirby
|
0-0: Called Strike 0-1: Swinging Strike 0-2: Ground out 6-3 (Groundball, 6, EV 85.0 MPH)
|
|
Batting: RHB Immel Kamuzu
|
0-0: Ball 1-0: Ground out 3-1 (Groundball, 34, EV 83.8 MPH)
|
| Top of the 5th over - 0 runs, 0 hits, 0 errors, 0 left on base; Springfield 0 - Mississippi 0 |
| BOTTOM OF THE 5TH |
|
Mississippi Braves batting - Pitching for Springfield Cardinals : RHP Casey Cogdill
|
|
Batting: LHB Mike Tenorio
|
0-0: Called Strike 0-1: Ball 1-1: Ball 2-1: Ball 3-1: Swinging Strike 3-2: Reached on error, E5 (Groundball, 56, EV 110.6 MPH)
|
|
Batting: RHB Alex Velasquez
|
0-0: Ground out 4-3 (Groundball, 4, EV 105.6 MPH) Mike Tenorio to third
|
|
Batting: RHB Edgar Castillo
|
0-0: SINGLE (Groundball, 23, EV 65.6 MPH) (infield hit)
|
|
Batting: RHB Hieronim Rutkowski
|
0-0: Ball 1-0: SINGLE (Line Drive, 7LS, EV 94.4 MPH) Mike Tenorio scores Edgar Castillo to second
|
|
Batting: RHB Luis Revilla
|
0-0: Foul Ball, location: 2F 0-1: DOUBLE (Line Drive, 7LD, EV 103.8 MPH) Edgar Castillo scores Hieronim Rutkowski to third Runner from 3rd tries for Home, SAFE, throw by LF to home
|
|
Batting: SHB Bob Morales
|
0-0: Intentional Walk
|
|
Batting: LHB Oke Monti
|
0-0: Ball 1-0: Called Strike 1-1: Swinging Strike 1-2: Strikes out swinging
|
|
Pitching: LHP Brian Rhyne
|
|
|
Batting: LHB Luis Cruz
|
0-0: Ball 1-0: Ball 2-0: Foul Ball, location: 2F 2-1: Foul Ball, location: 2F 2-2: Strikes out swinging
|
| Bottom of the 5th over - 3 runs, 3 hits, 1 error, 2 left on base; Springfield 0 - Mississippi 3 |
| TOP OF THE 6TH |
|
Springfield Cardinals batting - Pitching for Mississippi Braves : RHP Jeff Olech
|
|
Batting: LHB Yeong-hun Joe
|
0-0: Foul Ball, location: 2F 0-1: Ball 1-1: Fly out, F5 (Popup, 56S, EV 71.9 MPH)
|
|
Batting: RHB Mark Cahill
|
0-0: Swinging Strike 0-1: Ball 1-1: Swinging Strike 1-2: Ball 2-2: SINGLE (Flyball, 4D, EV 86.9 MPH)
|
|
Batting: RHB Fortunato Fteira
|
0-0: Grounds into double play, 6-4-3 (Groundball, 6, EV 84.4 MPH)
|
| Top of the 6th over - 0 runs, 1 hit, 0 errors, 0 left on base; Springfield 0 - Mississippi 3 |
| BOTTOM OF THE 6TH |
|
Mississippi Braves batting - Pitching for Springfield Cardinals : LHP Brian Rhyne
|
|
Batting: RHB Mike Meeker
|
0-0: Called Strike 0-1: Ball 1-1: Called Strike 1-2: Ball 2-2: Foul Ball, location: 2F 2-2: Strikes out swinging
|
|
Batting: LHB Mike Tenorio
|
0-0: Ball 1-0: Swinging Strike 1-1: Foul Ball, location: 2F 1-2: Ground out 1-3 (Groundball, 13S, EV 75.6 MPH)
|
|
Batting: RHB Alex Velasquez
|
0-0: Fly out, F8 (Flyball, 8LD, EV 106.9 MPH)
|
| Bottom of the 6th over - 0 runs, 0 hits, 0 errors, 0 left on base; Springfield 0 - Mississippi 3 |
| TOP OF THE 7TH |
|
Springfield Cardinals batting - Pitching for Mississippi Braves : RHP Jeff Olech
|
|
Now at 1B: Edgar Castillo
|
|
|
Now in LF: Tsutomu Miyahara
|
|
|
Batting: LHB Shawn Morrison
|
0-0: SINGLE (Groundball, 4MD, EV 103.8 MPH)
|
|
Batting: LHB Ichiro Toyota
|
0-0: Called Strike Shawn Morrison is caught stealing 2nd base 2-6 0-1: Ball 1-1: Swinging Strike 1-2: Foul Ball, location: 2F 1-2: Foul Ball, location: 2F 1-2: Foul Ball, location: 2F 1-2: Foul Ball, location: 2F 1-2: Ground out U3 (Groundball, 3S, EV 66.9 MPH)
|
|
Batting: RHB Victor Moya
|
0-0: Ball 1-0: Called Strike 1-1: Ball 2-1: Foul Ball, location: 2F 2-2: Foul Ball, location: 2F 2-2: Ground out 6-3 (Groundball, 6S, EV 63.8 MPH)
|
| Top of the 7th over - 0 runs, 1 hit, 0 errors, 0 left on base; Springfield 0 - Mississippi 3 |
| BOTTOM OF THE 7TH |
|
Mississippi Braves batting - Pitching for Springfield Cardinals : LHP Brian Rhyne
|
|
Batting: RHB Edgar Castillo
|
0-0: Ground out U3 (Groundball, 13, EV 80.0 MPH)
|
|
Batting: RHB Hieronim Rutkowski
|
0-0: Ball 1-0: Ball 2-0: SINGLE (Groundball, 56D, EV 98.1 MPH)
|
|
Batting: RHB Luis Revilla
|
0-0: Called Strike 0-1: Ball 1-1: Foul Ball, location: 2F 1-2: Ball 2-2: Strikes out looking
|
|
Batting: SHB Bob Morales
|
0-0: Ball 1-0: 2-RUN HOME RUN (Flyball, 78XD, EV 106.2 MPH), Distance : 405 ft
|
|
Batting: LHB Oke Monti
|
0-0: Ball 1-0: Foul Ball, location: 2F 1-1: Swinging Strike 1-2: Ball 2-2: Foul Ball, location: 2F 2-2: Ball 3-2: Foul Ball, location: 2F 3-2: SINGLE (Line Drive, 8RS, EV 90.0 MPH)
|
|
Batting: LHB Luis Cruz
|
0-0: Foul Ball, location: 2F 0-1: Ball 1-1: Swinging Strike 1-2: Foul Ball, location: 2F 1-2: Fly out, F3 (Popup, 3SF, EV 75.6 MPH)
|
| Bottom of the 7th over - 2 runs, 3 hits, 0 errors, 1 left on base; Springfield 0 - Mississippi 5 |
| TOP OF THE 8TH |
|
Springfield Cardinals batting - Pitching for Mississippi Braves : RHP Jeff Olech
|
|
Pitching: RHP Josh Thomas
|
|
|
Batting: RHB Justin Reich
|
0-0: Called Strike 0-1: Foul Ball, location: 2F 0-2: Ball 1-2: Foul Ball, location: 2F 1-2: SINGLE (Groundball, 13S, EV 68.8 MPH) (infield hit)
|
|
Batting: SHB Jason Kirby
|
0-0: Fly out, F9 (Flyball, 89D, EV 107.5 MPH)
|
|
Batting: RHB Immel Kamuzu
|
0-0: Ground out 6-3 (Groundball, 6, EV 93.8 MPH) Justin Reich to second
|
|
Batting: LHB Yeong-hun Joe
|
0-0: TRIPLE (Flyball, 89XD, EV 91.9 MPH) Justin Reich scores
|
|
Batting: RHB Mark Cahill
|
0-0: Called Strike 0-1: Called Strike 0-2: Strikes out swinging
|
| Top of the 8th over - 1 run, 2 hits, 0 errors, 1 left on base; Springfield 1 - Mississippi 5 |
| BOTTOM OF THE 8TH |
|
Mississippi Braves batting - Pitching for Springfield Cardinals : LHP Brian Rhyne
|
|
Pitching: RHP Jason Inman
|
|
|
Batting: RHB Mike Meeker
|
0-0: Ball 1-0: Foul Ball, location: 2F 1-1: Foul Ball, location: 2F 1-2: Foul Ball, location: 2F 1-2: Foul Ball, location: 2F 1-2: Ball 2-2: Foul Ball, location: 2F 2-2: Foul Ball, location: 2F 2-2: Ball 3-2: Fly out, F7 (Flyball, 78S, EV 91.2 MPH)
|
|
Batting: LHB Tsutomu Miyahara
|
0-0: Ball 1-0: Swinging Strike 1-1: Called Strike 1-2: Ball 2-2: Strikes out swinging
|
|
Batting: RHB Alex Velasquez
|
0-0: Swinging Strike 0-1: Ball 1-1: Called Strike 1-2: Foul Ball, location: 2F 1-2: Ground out U3 (Groundball, 3, EV 108.1 MPH)
|
| Bottom of the 8th over - 0 runs, 0 hits, 0 errors, 0 left on base; Springfield 1 - Mississippi 5 |
| TOP OF THE 9TH |
|
Springfield Cardinals batting - Pitching for Mississippi Braves : RHP Josh Thomas
|
|
Batting: RHB Fortunato Fteira
|
0-0: Foul Ball, location: 2F 0-1: Ball 1-1: Foul Ball, location: 2F 1-2: Ball 2-2: Ground out 6-3 (Groundball, 6, EV 80.6 MPH)
|
|
Batting: LHB Shawn Morrison
|
0-0: Swinging Strike 0-1: Swinging Strike 0-2: Ball 1-2: Foul Ball, location: 2F 1-2: Fly out, F7 (Flyball, 78D, EV 105.6 MPH)
|
|
Batting: LHB Ichiro Toyota
|
0-0: Ball 1-0: Ball 2-0: Foul Ball, location: 2F 2-1: Ground out U3 (Groundball, 3, EV 85.6 MPH)
|
| Top of the 9th over - 0 runs, 0 hits, 0 errors, 0 left on base; Springfield 1 - Mississippi 5 |
|